 Dungeon Crawl Stone Soup version 0.21-a0-405-gf2af9a1 (webtiles) character file.

30 Heskey the Chucker (level 3, -1/39 HPs)
             Began as an Ogre Hunter on Nov 1, 2017.
             Slain by a leopard gecko (5 damage)
             ... on level 2 of the Dungeon.
             The game lasted 00:01:51 (838 turns).

Heskey the Chucker (Ogre Hunter)                     Turns: 838, Time: 00:01:52

Health: -1/39      AC:  3    Str: 17    XL:     3   Next: 18%
Magic:  3/3        EV: 10    Int: 12    God:
Gold:   61         SH:  0    Dex:  9    Spells: 2/2 levels left

rFire    . . .     SeeInvis .   k - +0 whip
rCold    . . .     Gourm    .   (no shield)
rNeg     . . .     Faith    .   b - +0 robe
rPois    .         Spirit   .   (helmet restricted)
rElec    .         Reflect  .   (no cloak)
rCorr    .         Harm     .   (gloves unavailable)
MR       .....                  (boots unavailable)
Stlth    +.........             (no amulet)
HPRegen  0.13/turn              (no ring)
MPRegen  0.08/turn              (no ring)

@: no status effects
A: unfitting armour, tough skin 1
a: no special abilities


You were on level 2 of the Dungeon.
You were not hungry.

You visited 1 branch of the dungeon, and saw 2 of its levels.

You collected 61 gold pieces.

Inventory:

Hand Weapons
 k - a +0 whip (weapon)
Missiles
 c - a large rock (quivered)
 d - 2 throwing nets
 h - 3 javelins
Armour
 b - a +0 robe (worn)
Scrolls
 e - 2 scrolls of identify
 i - 2 scrolls of recharging {unknown}
 m - a scroll of remove curse {unknown}
Potions
 a - a potion of curing {unknown}
 l - a potion of lignification {unknown}
 n - a potion of magic {unknown}
Comestibles
 f - 3 bread rations
 g - a meat ration
 j - a royal jelly


   Skills:
 * Level 3.8 Fighting
 + Level 0.2 Maces & Flails
 - Level 4.0 Throwing
 + Level 2.1 Dodging
 + Level 1.2 Stealth


You had 2 spell levels left.
You didn't know any spells.

Dungeon Overview and Level Annotations

Branches:
Dungeon (2/15)

Altars:


Innate Abilities, Weirdness & Mutations

You are too large for most types of armour.
You have tough skin. (AC +1)


Message History

Press: ? - help, Shift-Dir - straight line, f/p - worm
Aim: a worm (severely wounded)
You throw a large rock. The large rock hits the worm.
The worm is almost dead.
The worm closely misses you.
Throwing (i - inventory. (,) - cycle):
c - 2 large rocks (quivered)
Press: ? - help, Shift-Dir - straight line, f/p - worm
Aim: a worm (almost dead)
You throw a large rock. The large rock hits the worm!!
You kill the worm!
You hit the leopard gecko.
The leopard gecko is lightly wounded.
The leopard gecko bites you.
* * * LOW HITPOINT WARNING * * *
You completely miss the leopard gecko.
The leopard gecko is lightly wounded.
The leopard gecko barely misses you. The leopard gecko bites you.
* * * LOW HITPOINT WARNING * * *
You barely miss the leopard gecko. The leopard gecko bites you.
You die...

.....#.# #.#..#.# #.
##.#....# #. ........
####.######.#.##.# #
............#.##.###.###
#.##.###....#........
##.###..........@l.....(..
..........##.....#..##.##.
#.###..####...........
#..# #............. #..#
#..####..##.## #..####....
........ ##+###..........
#..##.#.# #.......####..##
#..# .. #.......####..#


You could see a leopard gecko.

Vanquished Creatures
  An ooze (D:1)
  A worm (D:2)
  A leopard gecko (D:1)
  3 bats (D:1)
  A giant cockroach (D:1)
  2 goblins (D:1)
  3 hobgoblins
  4 kobolds (D:1)
  5 rats (D:1)
21 creatures vanquished.

Notes
Turn   | Place    | Note
-------+----------+-------------------------------------------
     0 | D:1      | Heskey the Ogre Hunter began the quest for the Orb.
     0 | D:1      | Reached XP level 1. HP: 22/22 MP: 1/1
    77 | D:1      | Reached XP level 2. HP: 20/31 MP: 2/2
    97 | D:1      | Reached skill level 1 in Stealth
   628 | D:1      | Reached XP level 3. HP: 35/39 MP: 3/3
   838 | D:2      | Slain by a leopard gecko

Vault maps used:
D:1:      shiori_arrival_maze, minmay_misc_feat_chi
D:2:      dk_vineyard_2, minmay_pentomino_p4

Skill      XL: |  1  2 |
---------------+-------+-----
Fighting       | 3 |  3.8
Dodging        | 2 |  2.1
Stealth        | 1 |  1.2
Maces & Flails | |  0.2
Throwing       | |  4.0

Action                   || total
-------------------------++-------
Melee: Short sword       ||    74
       Club              ||    19
       Whip              ||    33
Throw: Large rock        ||     4
  Use: Scroll            ||     1
 Stab: Sleeping          ||     2
Armor: Robe              ||    38
Dodge: Dodged            ||    81

Table legend:
 A = Spawn XP
 B = Non-spawn XP
 C = Spawn XP percentage of total XP
 D = Spawn monster count
 E = Non-spawn monster count
 F = Spawn count percentage of total count
 G = Total turns spent on level
                    A         B        C        D         E        F      G
               +---------+---------+-------+---------+---------+-------+---------
         Total |       0 |      43 |   0.0 |       0 |      21 |   0.0 |   838
               +---------+---------+-------+---------+---------+-------+---------
           D:1 |       0 |      36 |   0.0 |       0 |      19 |   0.0 |   719
           D:2 |       0 |       7 |   0.0 |       0 |       2 |   0.0 |   119
               +---------+---------+-------+---------+---------+-------+---------
